Map: Eternal Empire LE

Players

LiquidTLO (TLO) - Winner!

  • Race: Zerg Zerg
  • League: Grandmaster
  • Spawn Location: 7:00

PiLiPiLi

  • Race: Protoss Protoss
  • League: Grandmaster
  • Spawn Location: 1:00

Event: DreamHack SC2 Masters 2020 Fall

VOD

Have the link to the VOD?

Description

Time

  • Played on: Sept. 1, 2020, 6:21 p.m.
  • Length: 7:57

All games in this series

Show
View Real Time Build Order
Export as new Build Order

LiquidTLO Zerg - Winner!

Build Orders: Hatch First 

Get SALT Encoding   

  12  0:00  Drone  
  13  0:12  Overlord  
  13  0:16  Drone  
  14  0:30  Drone x2  
  16  0:39  Drone  
  17  0:52  Hatchery  
  17  0:55  Drone  
  17  0:59  Drone  
  18  1:05  Extractor  
  17  1:14  Spawning Pool  
  17  1:17  Drone  
  17  1:21  Drone  
  18  1:28  Drone  
  19  1:38  Drone  
  20  1:49  Overlord  
  20  2:01  Queen  
  22  2:04  Queen, Zergling x2  
  22  2:06  Metabolic Boost  
  25  2:10  Zergling x2  
  26  2:18  Drone x2  
  28  2:24  Drone  
  28  2:25  Drone  
  30  2:42  Hatchery  
  29  2:48  Queen  
  29  2:50  Overlord  
  31  2:52  Drone  
  31  2:57  Drone  
  32  3:01  Drone  
  32  3:03  Overlord  
  32  3:04  Drone  
  34  3:06  Zergling x2  
  34  3:08  Zergling x2  
  34  3:11  Zergling x2  
  37  3:13  Zergling x2  
  37  3:16  Zergling x2  
  37  3:18  Drone  
  40  3:22  Zergling x2  
  41  3:31  Queen  
  41  3:32  Overlord  
  41  3:33  Drone  
  44  3:39  Drone  
  44  3:42  Drone  
  44  3:45  Spore Crawler  
  44  3:46  Drone  
  44  3:48  Drone, Zergling x2  
  47  3:51  Spore Crawler  
  47  3:52  Drone  
  47  3:54  Drone  
  48  3:59  Spore Crawler  
  46  4:06  Drone  
  46  4:07  Drone  
  46  4:08  Drone  
  48  4:10  Drone  
  48  4:11  Drone  
  48  4:12  Drone  
  48  4:15  Drone  
  48  4:16  Drone  
  53  4:18  Drone  
  53  4:23  Lair  
  53  4:25  Drone, Evolution Chamber, Extractor  
  53  4:31  Drone  
  53  4:33  Drone  
  53  4:35  Drone  
  55  4:40  Queen  
  55  4:41  Drone, Overlord  
  55  4:44  Drone  
  59  4:46  Drone  
  59  4:47  Drone  
  59  4:49  Drone  
  59  4:51  Extractor  
  61  4:53  Drone  
  61  4:54  Extractor, Baneling Nest  
  61  4:56  Zergling x2  
  61  4:57  Zergling x2  
  62  5:00  Zergling x2  
  62  5:01  Drone  
  62  5:02  Drone  
  62  5:03  Drone  
  62  5:05  Zerg Melee Weapons Level 1  
  66  5:07  Drone  
  66  5:08  Drone  
  66  5:10  Drone  
  66  5:11  Drone  
  70  5:14  Drone  
  70  5:19  Drone  
  72  5:21  Zergling x2, Overseer  
  72  5:22  Zergling x2  
  72  5:25  Overlord  
  72  5:27  Overlord  
  74  5:29  Spore Crawler  
  74  5:31  Drone  
  74  5:32  Extractor  
  74  5:34  Drone, Extractor  
  74  5:35  Drone  
  73  5:37  Drone  
  73  5:39  Centrifical Hooks  
  73  5:46  Overlord  
  73  5:47  Drone x2  
  73  5:49  Drone  
  77  5:51  Baneling x2  
  77  5:55  Zergling x2  
  78  5:59  Drone  
  78  6:01  Drone, Hatchery  
  78  6:03  Zergling x10  
  85  6:04  Baneling, Zergling x2  
  85  6:06  Zergling x2  
  85  6:07  Zergling x2  
  85  6:08  Zergling x2  
  88  6:12  Drone, Hydralisk Den  
  88  6:14  Zergling x2  
  88  6:15  Zergling x2  
  88  6:17  Zergling x4  
  92  6:21  Overlord  
  92  6:23  Zergling x2  
  92  6:24  Zergling x2  
  94  6:25  Baneling  
  94  6:26  Baneling x2  
  94  6:27  Baneling  
  94  6:29  Overlord x2  
  94  6:30  Overlord  
  94  6:31  Zergling x2  
  94  6:32  Zergling x2  
  96  6:33  Zergling x2  
  96  6:35  Baneling x4  
  97  6:42  Zergling x4  
  97  6:45  Zergling x2  
  97  6:46  Zergling x2, Baneling x2  
  98  6:47  Zergling x2, Baneling x3  
  98  6:52  Spine Crawler, Zergling x2  
  98  6:53  Spine Crawler  
  98  6:54  Baneling, Spine Crawler, Zergling x2  
  97  6:55  Zergling x2  
  97  6:56  Zergling x2  
  97  6:58  Zergling x2  
  97  6:59  Zergling x2  
  98  7:04  Queen x2  
  98  7:05  Baneling x3  
  98  7:06  Baneling  
  98  7:07  Baneling x2  
  98  7:08  Zergling x2  
  98  7:09  Baneling x2  
  98  7:10  Baneling  
  98  7:11  Baneling  
  98  7:12  Baneling x2  
  98  7:13  Zergling x2  
  99  7:16  Zergling x2  
  99  7:17  Zergling x2  
  99  7:20  Zergling x2  
  92  7:24  Zergling x2  
  92  7:25  Zergling x10  
  92  7:26  Zergling x2  
  92  7:28  Zergling x2  
  92  7:29  Zergling x2  
  94  7:31  Zergling x2  
  94  7:36  Zergling x2  
  94  7:37  Zergling x2  
Show
View Real Time Build Order
Export as new Build Order

PiLiPiLi Protoss 

Build Orders: 1 Gate Expand, Oracle Opening 

Get SALT Encoding   

  12  0:01  Probe  
  13  0:13  Probe  
  14  0:20  Pylon  
  14  0:25  Probe  
  15  0:38  Probe (Chrono Boost)  
  15  0:40  Gateway  
  17  0:50  Probe (Chrono Boost)  
  17  0:51  Assimilator  
  17  0:55  Probe (Chrono Boost)  
  18  1:01  Assimilator  
  18  1:05  Probe  
  19  1:17  Probe  
  20  1:28  Nexus  
  20  1:39  Cybernetics Core  
  20  1:41  Probe  
  21  1:48  Assimilator  
  21  1:53  Probe  
  22  1:57  Pylon  
  22  2:05  Probe  
  23  2:12  Adept (Chrono Boost)  
  25  2:18  Probe  
  26  2:25  Stargate  
  26  2:30  Probe  
  26  2:32  Adept (Chrono Boost)  
  29  2:40  Probe  
  29  2:42  Probe  
  31  2:52  Probe  
  31  2:54  Probe  
  31  2:55  Adept  
  35  2:58  Warp Gate (Chrono Boost)  
  35  3:05  Probe  
  36  3:06  Probe  
  36  3:08  Oracle (Chrono Boost)  
  40  3:17  Probe  
  40  3:18  Gateway, Probe  
  42  3:23  Pylon  
  42  3:29  Probe  
  42  3:30  Probe  
  44  3:40  Oracle (Chrono Boost)  
  44  3:41  Probe  
  43  3:43  Probe  
  45  3:50  Shield Battery  
  45  3:52  Gateway  
  45  3:53  Probe  
  45  3:55  Probe  
  47  4:03  Pylon  
  47  4:05  Probe  
  47  4:09  Void Ray (Chrono Boost), Probe  
  47  4:14  Assimilator  
  51  4:17  Probe  
  51  4:19  Assimilator  
  51  4:21  Probe  
  53  4:28  Robotics Facility  
  53  4:29  Probe  
  53  4:31  Pylon  
  54  4:32  Pylon  
  54  4:50  Adept, Pylon  
  54  4:51  Sentry  
  58  4:57  Nexus  
  58  4:59  Pylon  
  58  5:00  Sentry  
  60  5:13  Gateway x2  
  60  5:14  Immortal (Chrono Boost)  
  60  5:20  Gateway x2  
  64  5:22  Sentry  
  66  5:30  Shield Battery, Adept x2  
  66  5:35  Pylon  
  70  5:44  Pylon  
  70  5:47  Warp Prism (Chrono Boost)  
  70  5:48  Sentry  
  74  6:04  Sentry, Stalker  
  78  6:12  Stalker x2  
  78  6:13  Stalker  
  78  6:16  Adept  
  86  6:20  Pylon  
  86  6:31  Pylon  
  78  6:47  Sentry  
  78  6:48  Sentry, Stalker x2  
  78  6:50  Adept x2  
  85  7:05  Adept  
  85  7:07  Probe x2  
  85  7:08  Immortal  
  91  7:10  Stalker, Pylon  
  91  7:11  Stalker  
  91  7:12  Zealot x3  
  101  7:22  Adept  
  89  7:27  Zealot x2  

Tags
 
Add a new tag
Caveats
  • Supply blocks, unpowered buildings, or Contaminate may cause inaccurate times.
  • Supply counts are checked every 10 seconds.